 Dungeon Crawl Stone Soup version 0.27.1 (webtiles) character file.

Game seed: 17750149340090377851

115 ZARRMARR the Insei (level 5, -1/33 HPs)
             Began as an Octopode Transmuter on Aug 30, 2021.
             Slain by a hobgoblin (2 damage)
             ... on level 3 of the Dungeon.
             The game lasted 00:08:30 (1622 turns).

ZARRMARR the Insei (Octopode Transmuter)            Turns: 1622, Time: 00:08:31

Health: -1/33      AC:  1    Str:  9    XL:     5   Next: 0%
Magic:  7/8        EV: 13    Int: 16    God:
Gold:   92         SH:  0    Dex: 13    Spells: 7/8 levels left

rFire    . . .     SeeInvis .     - Unarmed
rCold    . . .     Faith    .   (no shield)
rNeg     . . .     Spirit   .   (helmet currently unavailable)
rPois    .         Reflect  .   (no amulet)
rElec    .         Harm     .   (no ring)
rCorr    .         Rampage  .   (no ring)
Will     .....                  (no ring)
Stlth    ++........             (no ring)
HPRegen  0.11/turn              (no ring)
MPRegen  0.11/turn              (no ring)
                                (no ring)
                                (no ring)

@: appendages
A: tentacle spike 3, almost no armour, amphibious, 8 rings, camouflage 1,
gelatinous body 1, (nimble swimmer 1), tentacles
a: End Transformation


You were on level 3 of the Dungeon.
One of your tentacles had grown a beastly spike.
You visited 1 branch of the dungeon, and saw 3 of its levels.

You collected 92 gold pieces.

Inventory:

Scrolls
 a - 2 scrolls of teleportation {unknown}
 c - 2 scrolls of identify {unknown}
Potions
 b - a potion of curing {unknown}


   Skills:
 - Level 1.0 Fighting
 - Level 2.0 Dodging
 + Level 4.9 Unarmed Combat
 - Level 2.0 Spellcasting
 + Level 3.1 Transmutations


You had 7 spell levels left.
You knew the following spells:

 Your Spells              Type           Power      Damage    Failure   Level
a - Beastly Appendage     Tmut           22%        N/A       6%          1

Your spell library contained the following spells:

 Spells                   Type           Power      Damage    Failure   Level
 Wereblood                Tmut           11%        N/A       9%          2
 Spider Form              Tmut/Pois      3%         N/A       32%         3
 Ice Form                 Ice/Tmut       6%         N/A       73%         4


Dungeon Overview and Level Annotations

Branches:
Dungeon (3/15)

Altars:

Shops:
D:2 (


Innate Abilities, Weirdness & Mutations

One of your tentacles has grown a beastly spike.
You cannot wear most types of armour.
You are amphibious.
You can wear up to eight rings at the same time.
Your skin changes colour to match your surroundings (Stealth+).
Your rubbery body absorbs attacks. (AC +1, EV +1)
((You are camouflaged near water. (Stealth+)))
You have tentacles for arms and can constrict up to eight enemies at once.


Message History

The hobgoblin is severely wounded.
You constrict the hobgoblin, but do no damage.
The hobgoblin completely misses you.
You tentacle-slap the hobgoblin.
You kill the hobgoblin!
You tentacle-slap the orc. You grab the orc.
Your tentacle spike misses the orc.
The orc is moderately wounded.
You constrict the orc, but do no damage.
The orc hits you with a +0 club.
* * * LOW HITPOINT WARNING * * *
You tentacle-slap the orc but do no damage.
The orc is moderately wounded.
You constrict the orc. The orc closely misses you.
You tentacle-slap the orc.
You pierce the orc, but do no damage.
The orc is severely wounded.
You constrict the orc. The orc hits you with a +0 club.
* * * LOW HITPOINT WARNING * * *
You tentacle-slap the orc but do no damage.
The orc is almost dead.
You constrict the orc.
You kill the orc!
You have reached level 5!
You feel agile.
Your transformation is almost over.
Your tentacle spike disappears.
There is a stone staircase leading down here.
You can't go up here!
The hobgoblin hits you.
* * * LOW HITPOINT WARNING * * *
You climb downwards.
There is a stone staircase leading up here.
The helpless hobgoblin fails to defend itself.
You tentacle-slap the hobgoblin. Your grab misses the hobgoblin.
The hobgoblin is heavily wounded.
Casting: Beastly Appendage (safe; 6% risk of failure)
Confirm with . or Enter, or press ? or * to list all spells.
One of your tentacles grows a vicious spike.
The hobgoblin hits you.
You die...

###
#@#
#g#
#g#
..#
###


You could see 2 hobgoblins.

Vanquished Creatures
  An orc priest (D:2)
  An orc wizard (D:2)
  Robin (D:2)
  4 dart slugs
  4 orcs (D:2)
  3 endoplasms
  4 goblins (D:1)
  3 hobgoblins
  4 jackals (D:1)
  A quokka (D:1)
  3 ball pythons (D:1)
  2 bats (D:1)
  6 kobolds
  2 rats
39 creatures vanquished.

Vanquished Creatures (others)
  7 plants (D:2)
7 creatures vanquished.

Grand Total: 46 creatures vanquished

Notes
Turn   | Place    | Note
-------+----------+-------------------------------------------
     0 | D:1      | ZARRMARR the Octopode Transmuter began the quest for the
                  | Orb.
     0 | D:1      | Reached XP level 1. HP: 13/13 MP: 3/3
   223 | D:1      | Reached XP level 2. HP: 18/18 MP: 3/5
   509 | D:1      | Reached XP level 3. HP: 23/23 MP: 4/6
   520 | D:1      | Reached skill level 4 in Unarmed Combat
   915 | D:2      | Found Domastuegh's Weapon Shoppe.
  1065 | D:2      | Noticed Robin
  1322 | D:2      | Reached XP level 4. HP: 23/28 MP: 5/7
  1587 | D:2      | Killed Robin
  1609 | D:2      | Reached XP level 5. HP: 4/33 MP: 6/8
  1619 | D:2      | HP: 1/33 [hobgoblin[Robin] (4)]
  1622 | D:3      | Slain by a hobgoblin

Illustrated notes

Levels and vault maps discovered:
D:1:      beargit_arrival_greenhouse, layout_basic, minmay_misc_feat_iff
D:2:      layout_basic, serial_shops, nicolae_diamond_shop,
          shapermc_ecumenical_altar_hornbeckon, minmay_lizard_king, uniq_robin
D:3:      layout_basic, yredelemnul_altar_generic,
          nicolae_tso_swordbearing_angel, serial_shops, shop, bh_walls_and_bars,
          uniq_grinder

Skill      XL: |  1  2  3  4 |
---------------+-------------+-----
Unarmed Combat | 4 |  4.9
Transmutations | 3 |  3.1
Fighting       | |  1.0
Dodging        | |  2.0
Spellcasting   | |  2.0

Action                   |  1- 3 |  4- 6 || total
-------------------------+-------+-------++-------
Melee: Unarmed           |    63 |    24 ||    87
       Kick              |    16 |     8 ||    24
       Tentacles         |    13 |       ||    13
       Constrict         |    19 |     6 ||    25
       Punch             |     2 |       ||     2
 Cast: Beastly Appendage |    20 |     7 ||    27
 Stab: Sleeping          |     1 |     1 ||     2
Armor: Skin              |     6 |       ||     6
Dodge: Dodged            |    40 |     8 ||    48
